 Dungeon Crawl Stone Soup version 0.28-a0-687-gb91baff9cc (webtiles) character file.

Game seed: 5068380097332140200

220 bande the Chopper (level 5, -6/33 HPs)
             Began as a Gargoyle Fighter on Oct 20, 2021.
             Killed from afar by an orc wizard (8 damage)
             ... with a puff of flame
             ... on level 4 of the Dungeon.
             The game lasted 00:07:48 (2977 turns).

bande the Chopper (Gargoyle Fighter)                Turns: 2977, Time: 00:07:49

Health: -6/33      AC: 16    Str: 18 (21) XL:     5   Next: 97%
Magic:  5/5        EV:  9    Int:  8 (11) God:
Gold:   144        SH:  0    Dex: 14 (15) Spells: 4/4 levels left

rFire   . . .      SeeInvis .   a - +0 war axe
rCold   . . .      Faith    .   c - +0 buckler
rNeg    + . .      Spirit   .   b - +0 scale mail
rPois   ∞          Reflect  .   e - +2 helmet {Int+3}
rElec   +          Harm     .   g - +0 cloak
rCorr   .          Rampage  .   l - +0 pair of gloves
Will    .....                   (no boots)
Stlth   ..........              (no amulet)
HPRegen 0.11/turn               h - +6 ring of dexterity
MPRegen 0.09/turn               (no ring)

@: confused
A: sickness immunity, AC +4, negative energy resistance 1, electricity
resistance, torment resistance 1, petrification resistance
a: no special abilities


You were on level 4 of the Dungeon.
You visited 1 branch of the dungeon, and saw 4 of its levels.

You collected 144 gold pieces.

Inventory:

Hand Weapons
 a - a +0 war axe (weapon)
 k - a +0 flail
Armour
 b - a +0 scale mail (worn)
 c - a +0 buckler (worn)
 e - a +2 helmet of intelligence (worn)
 g - a +0 cloak (worn)
 l - a +0 pair of gloves (worn)
Jewellery
 h - a +6 ring of dexterity (left hand)
Wands
 j - a wand of flame (14)
Scrolls
 m - a scroll of identify {unknown}
Potions
 d - 2 potions of might


   Skills:
 + Level 4.0 Fighting
 + Level 4.0 Axes
 + Level 3.9 Armour
 + Level 3.9 Shields
 * Level 1.4 Evocations


You had 4 spell levels left.
You didn't know any spells.
Your spell library was empty.

Dungeon Overview and Level Annotations

Branches:
Dungeon (4/15)
 Temple: D:4-7

Altars:

Shops:
D:1 (*=:


Innate Abilities, Weirdness & Mutations

You are immune to sickness and miasma.
Your stone body is resilient. (AC +4)
You are immune to poison.
You resist negative energy. (rN+)
You are resistant to electric shocks. (rElec)
You are resistant to unholy torment.
You are immune to petrification.


Message History

* * * LOW HITPOINT WARNING * * *
You hear some strange, mumbled words.
A puff of flame appears from out of thin air!
The puff of flame hits you but does no damage.
You block something's attack. Something hits you but does no damage.
You hear some strange, mumbled words.
A magic dart appears from out of thin air!
The magic dart hits you but does no damage.
Something hits you but does no damage. Something hits you but does no damage.
You feel less wooden.
Your +0 cloak unmelds from your body.
Your +2 helmet of intelligence unmelds from your body.
Your +0 pair of gloves unmelds from your body.
Your +0 scale mail unmelds from your body.
You feel clever.
You hear some strange, mumbled words.
You are confused.
You hear some strange, mumbled words.
You are more confused.
Unknown command.
You feel less attractive to monsters. Something hits you.
* * * LOW HITPOINT WARNING * * *
Something hits you.
* * * LOW HITPOINT WARNING * * *
Something hits you but does no damage.
You barely miss something. Something hits you but does no damage.
You closely miss something.
You feel a little less clever now. Something hits you but does no damage.
You miss something. Something hits you but does no damage.
You hear some strange, mumbled words.
A puff of flame appears from out of thin air!
The puff of flame hits you but does no damage.
You hear some strange, mumbled words.
A puff of flame appears from out of thin air!
The puff of flame hits you!
You die...

#...............#...#...
#...............#...#...
#........$......#...#...
#.....).........#'###...
#......))...............
#......................(
#....!.{................
#.......######+#........
#......@# #........
♣...###.# #........ ♣♣..
#.# #........ ♣. #.#
#........ ♣. #.# #.+ #.#
#.#


There were no monsters in sight!

Vanquished Creatures
  A phantom (D:4)
  2 orc wizards (D:4)
  A hound skeleton (D:4)
  An adder (D:2)
  A worm (D:2)
  2 dart slugs
  7 orcs
  7 endoplasms
  A giant cockroach (D:2)
  7 hobgoblins
  4 quokkas
  4 ball pythons
  5 bats
  3 frilled lizards
  5 goblins
  A kobold (D:2)
  8 rats
60 creatures vanquished.

Vanquished Creatures (others)
  A fungus (D:4)
1 creature vanquished.

Grand Total: 61 creatures vanquished

Notes
Turn   | Place    | Note
-------+----------+-------------------------------------------
     0 | D:1      | bande the Gargoyle Fighter began the quest for the Orb.
     0 | D:1      | Reached XP level 1. HP: 14/14 MP: 1/1
   139 | D:1      | Found Figay's Jewellery Boutique.
   203 | D:1      | Found Tehekac's Assorted Antiques.
   208 | D:1      | Reached XP level 2. HP: 15/19 MP: 2/2
   267 | D:1      | Found Pujaeliw's Antique Weapon Shop.
   442 | D:1      | Found Eshrix's Book Shoppe.
   800 | D:1      | Reached XP level 3. HP: 20/23 MP: 3/3
  1165 | D:2      | Identified a scroll of acquirement
  1165 | D:2      | Acquired a +2 helmet of intelligence
  1202 | D:2      | Found a faded altar of an unknown god.
  1488 | D:2      | Reached XP level 4. HP: 29/29 MP: 4/4
  2535 | D:4      | Reached XP level 5. HP: 14/33 MP: 5/5
  2801 | D:4      | Noticed a phantom
  2813 | D:4      | Killed a phantom
  2814 | D:4      | Reached skill level 1 in Evocations
  2971 | D:4      | HP: 1/33 [something (3)]
  2977 | D:4      | Killed from afar by an orc wizard

Illustrated notes

Levels and vault maps discovered:
D:1:      amcnicky_arrival_blooded_trapdoor, layout_rooms, serial_shops,
          nicolae_shop_overgrown_old_shop, shop_statue,
          nicolae_shop_behind_doors, shop, grunt_decor_fettered,
          minmay_misc_feat_more_columns, hangedman_glass_teeth,
          grunt_decor_clamped
D:2:      layout_rooms, chequers_ecumenical_altar_island
D:3:      layout_basic
D:4:      layout_gridville, mainiacjoe_overflow_boulevard, fedhas_altar_4,
          kennysheep_mini

Skill      XL: |  1  2  3  4  5 |
---------------+----------------+-----
Axes           | 2 3 4 |  4.0
Fighting       | 4 |  4.0
Evocations     | 1 |  1.4
Armour         | |  3.9
Shields        | |  3.9

Action                   |  1- 3 |  4- 6 || total
-------------------------+-------+-------++-------
Melee: War axe           |   114 |    70 ||   184
  Use: Scroll            |     3 |     1 ||     4
       Potion            |       |     4 ||     4
Armor: Scale mail        |    86 |    54 ||   140
       Skin              |       |    24 ||    24
Dodge: Dodged            |    69 |    14 ||    83
Block: Buckler           |    29 |    11 ||    40

Table legend: (Time is in decaauts)
 A = Elapsed time spent in this place.
 B = Non-inter-level travel time spent in this place.
 C = Inter-level travel time spent in this place.
 D = Time resting spent in this place.
 E = Time spent auto-exploring this place.
 F = Levels seen in this place.
 G = Mean time per level.
                   A        B        C        D        E       F      G
               +--------+--------+--------+--------+--------+-----+--------+
         Total |   3049 |   3049 |      0 |    167 |   2201 |   4 |  762.2 |
       Dungeon |   3049 |   3049 |      0 |    167 |   2201 |   4 |  762.2 |
               +--------+--------+--------+--------+--------+-----+--------+

Top non-repeatable levels by time:
     D:1: 1032 daAuts
     D:3: 779 daAuts
     D:2: 759 daAuts
     D:4: 477 daAuts
